 Dungeon Crawl Stone Soup version 0.32-a0-791-gfc315c9ecd (webtiles) character file.

Game seed: 955451139711233495

12439 retardedninja the Fighter (level 11, 0/85 HPs)
             Began as a Coglin Fighter on Mar 20, 2024.
             Was a Believer of Hepliaklqana.
             Slain by a ten-headed hydra (1 damage)
             ... on level 9 of the Dungeon.
             The game lasted 00:21:52 (13940 turns).

retardedninja the Fighter (Coglin Fighter)         Turns: 13940, Time: 00:21:52

Health: 0/85       AC: 17    Str: 20    XL:     11   Next: 93%
Magic:  11/11      EV:  5    Int:  9    God:    Hepliaklqana [**....]
Gold:   667        SH:  0    Dex: 13    Spells: 10/10 levels left

rFire   . . .        b - +2 broad axe (heavy) {Narong}
rCold   . . .        D - +1 broad axe (pain) {Bunsong}
rNeg    . . .        A - +0 plate armour
rPois   .            e - +1 helmet
rElec   .            (no cloak)
rCorr   .            (no gloves)
SInv    .            h - +0 pair of boots
Will    .....        (amulet unavailable) Stlth
                     (ring unavailable)
HPRegen 0.34/turn    (ring unavailable)
MPRegen 0.12/turn    (no gizmo)

%: no passive effects
@: revved
A: reduced essence, off-hand wielding, slow wielding, warmup strikes, no
jewellery
a: Invent Gizmo, Renounce Religion, Recall Ancestor, Ancestor Identity


You were on level 9 of the Dungeon.
You worshipped Hepliaklqana.
Hepliaklqana was pleased with you.
You visited 2 branches of the dungeon, and saw 11 of its levels.
You also visited: Bailey.

You collected 667 gold pieces.

Inventory:

Hand Weapons
 b - a +2 heavy broad axe (weapon) {Narong}
 D - a +1 broad axe of pain (offhand) {Bunsong}
Armour
 e - a +1 helmet (worn)
 h - a +0 pair of boots (worn)
 A - a +0 plate armour (worn)
Wands
 a - a wand of flame (16)
 s - a wand of charming (5)
 y - a wand of mindburst (10)
Scrolls
 c - 2 scrolls of identify
 d - a scroll of poison
 i - 2 scrolls of revelation
 j - a scroll of torment
 k - 5 scrolls of amnesia
 m - a scroll of noise
 p - 5 scrolls of teleportation
 q - a scroll of vulnerability
 u - a scroll of immolation
 v - a scroll of silence
Potions
 f - a potion of cancellation {unknown}
 g - 6 potions of enlightenment
 l - 2 potions of resistance {unknown}
 n - 2 potions of brilliance
 o - a potion of lignification {unknown}
 r - a potion of attraction
 t - 2 potions of degeneration
 x - 2 potions of mutation
 z - 2 potions of invisibility {unknown}
 B - a potion of haste
 C - a potion of might


   Skills:
 * Level 12.2 Fighting
 * Level 12.1 Axes
 + Level 8.2 Armour
 - Level 2.1 Shields


You had 10 spell levels left.
You didn't know any spells.
Your spell library contained the following spells:

 Spells                   Type           Power      Damage    Failure   Level
 Apportation              Tloc           0%         N/A       100%        1
 Magic Dart               Conj           0%         1d3       100%        1
 Summon Small Mammal      Summ           0%         N/A       100%        1
 Blink                    Tloc           0%         N/A       100%        2
 Call Imp                 Summ           0%         N/A       100%        2
 Jinxbite                 Hex            0%         N/A       100%        2
 Sublimation of Blood     Necr           0%         N/A       100%        2
 Call Canine Familiar     Summ           0%         N/A       100%        3
 Inner Flame              Hex/Fire       0%         N/A       100%        3
 Flame Wave               Conj/Fire      0%         2d4       100%        4
 Leda's Liquefaction      Alch/Erth      0%         N/A       100%        4
 Petrify                  Alch/Erth      0%         N/A       100%        4
 Sticky Flame             Fire/Alch      0%         2d4       100%        4
 Summon Blazeheart Golem  Fire/Summ      0%         N/A       100%        4
 Alistair's Intoxication  Alch           0%         N/A       100%        5
 Irradiate                Conj/Alch      0%         3d11      100%        5
 Metabolic Englaciation   Hex/Ice        0%         N/A       100%        5
 Summon Hydra             Summ           0%         N/A       100%        7
 Ignition                 Fire           0%         3d3       100%        8


Dungeon Overview and Level Annotations

Branches:
Dungeon (10/15)            Temple (1/1) D:7          Bailey (visited)
   Lair: D:8-11         Orc: D:9-12

Altars:
Ashenzari
Cheibriados
Dithmenos
Elyvilon
Fedhas
Gozag
Hepliaklqana
Kikubaaqudgha
Makhleb
Nemelex Xobeh
Okawaru
Qazlal
Ru
Sif Muna
Trog
Uskayaw
Vehumet
Wu Jian
Xom
Yredelemnul
Zin
The Shining One

Shops:
D:10 :

Annotations:
Temple 4 transporters


Innate Abilities, Weirdness & Mutations

Your life essence is reduced to manifest your ancestor. (-10% HP)
You can wield a second weapon in your off-hand.
It takes a long time for you to wield or remove held weapons.
Your first few attacks do less damage.
You cannot equip rings or amulets.


Message History

You hit the six-headed hydra with your +1 broad axe of pain.
The six-headed hydra bites you!
The six-headed hydra bites you but does no damage.
The six-headed hydra bites you. x2
The six-headed hydra bites you but does no damage. x2
You lop one of the six-headed hydra's heads off!
The five-headed hydra grows two more!
You slash the seven-headed hydra with your +1 broad axe of pain!
The seven-headed hydra is moderately wounded.
You lop one of the seven-headed hydra's heads off!
The six-headed hydra grows two more!
You slice the eight-headed hydra with your +2 heavy broad axe!!
The eight-headed hydra bites you but does no damage. x2
The eight-headed hydra bites you! x2
The eight-headed hydra bites you but does no damage.
The eight-headed hydra bites you. x2
The eight-headed hydra bites you but does no damage.
Austrian painter hits the eight-headed hydra with a +0 quarterstaff!
You slice one of the eight-headed hydra's heads off!
The seven-headed hydra grows two more!
You slash the nine-headed hydra with your +2 heavy broad axe!
The nine-headed hydra is heavily wounded.
You chop one of the nine-headed hydra's heads off!
The eight-headed hydra grows two more!
You slice the ten-headed hydra with your +1 broad axe of pain!!
The ten-headed hydra bites you but does no damage.
The ten-headed hydra bites you! The ten-headed hydra barely misses you.
The ten-headed hydra bites you but does no damage.
The ten-headed hydra bites you!
* * * LOW HITPOINT WARNING * * *
The ten-headed hydra bites you but does no damage.
The ten-headed hydra bites you.
* * * LOW HITPOINT WARNING * * *
The ten-headed hydra bites you!
* * * LOW HITPOINT WARNING * * *
The ten-headed hydra bites you.
* * * LOW HITPOINT WARNING * * *
The ten-headed hydra bites you.
You die...
Hepliaklqana delivers you to your ancestors.

..#..###############.[##.#.......
###..................[.#.#..[....
..#....................'.#.....##
.#######################.#.......
.#.......##..###..####.........#.
##......##....##..##......#...##.
##......##..###...##......#...#..
##...........#..R...>....###.###.
...............D@[[....### #.# ##
.........รท......##....## ### #
#...........#..###.[...###
............#### ##......#
..#...#.....# #..#..##
..#.......### ####.## ##..##....#
### .........## ..##......#


You could see the friendly austrian painter the battlemage and a ten-headed
hydra (ally target).

Vanquished Creatures
  A centaur warrior (D:10)
  A two-headed ogre (D:8)
  An ugly thing (D:9)
  A kobold demonologist (D:10)
  2 trolls (D:9)
  A hornet (D:8)
  Grinder (D:3)
  4 spriggans (Bailey)
  10 yaks
  A wyvern (D:9)
  2 wraiths (D:9)
  A vampire (D:9)
  A basilisk (D:9)
  3 steam dragons (D:9)
  4 water moccasins
  An acid dragon (Bailey)
  5 orc warriors
  A black bear (D:5)
  2 sky beasts (D:7)
  An ice beast (D:6)
  7 centaurs
  2 ogres (Bailey)
  3 phantoms
  3 kobold brigands
  2 bullfrogs
  2 scorpions
  2 gnoll sergeants
  8 wights
  3 killer bees (D:9)
  4 howler monkeys
  4 hounds
  2 bombardier beetles
  A gnoll bouda (D:5)
  9 orc priests
  4 jellies
  A sleepcap (D:4)
  3 iguanas
  12 orc wizards
  Robin (D:1)
  9 gnolls
  5 adders
  2 white imps
  2 ufetubi (D:6)
  4 dart slugs
  A ribbon worm (D:2)
  30 orcs
  6 endoplasms
  5 giant cockroaches
  11 hobgoblins
  22 kobolds
  7 quokkas
  9 ball pythons
  6 bats
  4 frilled lizards
  16 goblins
  10 rats
266 creatures vanquished.

Vanquished Creatures (collateral kills)
  A two-headed ogre (Bailey)
  A hornet (D:9)
  A shadow (D:10)
  3 yaks
  An acid dragon (D:9)
  An ogre (Bailey)
  A kobold brigand (D:10)
  A killer bee (D:9)
  2 orc wizards (D:9)
  An orc (D:10)
  A hobgoblin (D:10)
  A goblin (D:10)
  A kobold (D:10)
16 creatures vanquished.

Vanquished Creatures (others)
  2 ancestors (D:9)
  A battlemage (Bailey)
3 creatures vanquished.

Grand Total: 285 creatures vanquished

Notes
Turn   | Place    | Note
-------+----------+-------------------------------------------
     0 | D:1      | retardedninja the Coglin Fighter began the quest for the
                  | Orb.
     0 | D:1      | Reached XP level 1. HP: 18/18 MP: 1/1
   330 | D:1      | Reached XP level 2. HP: 24/24 MP: 2/2
   572 | D:1      | Reached XP level 3. HP: 29/29 MP: 3/3
   990 | D:2      | Noticed Robin
  1139 | D:1      | Killed Robin
  1140 | D:1      | Reached XP level 4. HP: 19/37 MP: 4/4
  1441 | D:2      | Found an iron altar of Okawaru.
  1744 | D:2      | Found a faded altar of an unknown god.
  1965 | D:3      | Noticed a phantom
  1974 | D:3      | Killed a phantom
  1975 | D:3      | Reached XP level 5. HP: 30/43 MP: 5/5
  2202 | D:3      | Noticed Grinder
  2208 | D:3      | Paralysed by Grinder for 3 turns
  2214 | D:3      | Paralysed by Grinder for 2 turns
  2216 | D:3      | Killed Grinder
  2217 | D:3      | Reached skill level 5 in Fighting
  2217 | D:3      | Reached XP level 6. HP: 28/51 MP: 6/6
  2505 | D:3      | Found a blossoming altar of Fedhas.
  2509 | D:3      | Found an ancient bone altar of Kikubaaqudgha.
  2762 | D:3      | Reached XP level 7. HP: 35/56 MP: 7/7
  2970 | D:4      | Reached skill level 5 in Axes
  4133 | D:5      | Entered Level 5 of the Dungeon
  4146 | D:5      | Reached XP level 8. HP: 57/64 MP: 8/8
  4607 | D:5      | Found a hide-covered altar of Uskayaw.
  5019 | D:5      | Reached skill level 5 in Armour
  5505 | D:5      | Reached XP level 9. HP: 31/65 MP: 9/9
  6428 | D:6      | Found a shadowy altar of Dithmenos.
  7147 | D:6      | Identified a scroll of acquirement
  7147 | D:6      | Acquired a +0 heavy broad axe
  7663 | D:7      | Found a staircase to the Ecumenical Temple.
  7760 | Temple   | Found a transporter.
  7760 | Temple   | Found a transporter.
  7760 | Temple   | Found a transporter.
  7760 | Temple   | Found a transporter.
  7760 | Temple   | Entered the Ecumenical Temple
  7782 | Temple   | Became a worshipper of Hepliaklqana the Forgotten
  8403 | D:8      | Noticed a hornet
  8409 | D:8      | Killed a hornet
  8479 | D:8      | Noticed a two-headed ogre
  8491 | D:8      | Killed a two-headed ogre
  8492 | D:8      | Reached XP level 10. HP: 42/83 MP: 10/10
  9493 | D:9      | Reached * piety under Hepliaklqana
  9673 | D:9      | Found a bloodstained altar of Trog.
  9680 | D:9      | Reached skill level 10 in Fighting
 10216 | D:9      | Reached skill level 10 in Axes
 10357 | D:9      | HP: 2/77 [something/ball of steam (18)]
 10906 | D:9      | Paralysed by a hornet for 3 turns
 10918 | D:9      | HP: 3/77 [poisoned by a hornet]
 11354 | D:9      | Reached XP level 11. HP: 82/82 MP: 11/11
 11740 | D:9      | Noticed a red ugly thing
 11743 | D:9      | Noticed a two-headed ogre
 11746 | D:9      | Killed a red ugly thing
 12062 | D:9      | Noticed a four-headed hydra
 12401 | D:10     | Entered Level 10 of the Dungeon
 12556 | D:10     | Found Ucver's Book Shop.
 12573 | D:10     | Reached ** piety under Hepliaklqana
 12574 | D:10     | Remembered your ancestor austrian painter as a battlemage
 12634 | D:10     | Found a flagged portal.
 12644 | Bailey   | Entered a bailey
 13231 | Bailey   | Noticed a two-headed ogre
 13241 | Bailey   | Killed a two-headed ogre
 13566 | D:10     | Noticed a centaur warrior
 13570 | D:10     | Killed a centaur warrior
 13940 | D:9      | HP: 1/85 [ten-headed hydra (5)]
 13940 | D:9      | Slain by a ten-headed hydra

Illustrated notes

Levels and vault maps discovered:
D:1:      matt_arrival_refuge, layout_basic, minmay_pentomino_q4
D:2:      layout_basic, shapermc_ecumenical_altar_hornbeckon, basic_altar,
          minmay_distorted, uniq_robin
D:3:      layout_loops_ring, grunt_temple_overflow_growth_and_decay,
          uniq_grinder
D:4:      minmay_door_path, layout_basic, hangedman_glass_teeth, minmay_vboxes
D:5:      layout_loops_ring, amcnicky_altar_gilded
D:6:      layout_loops_ring, mainiacjoe_overflow_24_doors,
          chequers_serial_rivers_micro_a, bh_walls_and_bars
D:7:      layout_loops_ring, minmay_temple_entry_hall
D:8:      layout_basic
D:9:      minmay_quarter_circles, layout_cave_pools, trog_three_pillars_becter,
          st_stairs_12
D:10:     layout_cave_pools, serial_shops, shop, enter_bailey_4
Temple:   hellmonk_temple_divided_pantheon

Skill      XL: |  1  2  3  4  5  6  7  8  9 10 11 |
---------------+----------------------------------+-----
Armour         | 3 4 5 6 7 8 |  8.2
Axes           | 3 4 5 7 9 10 12 | 12.1
Fighting       | 4 5 6 7 9 10 12 | 12.2
Shields        | |  2.1

Action                     |  1- 3 |  4- 6 |  7- 9 | 10-12 || total
---------------------------+-------+-------+-------+-------++-------
  Melee: War axe           |    56 |    65 |   175 |       ||   296
         Hand axe          |    51 |    67 |   208 |   138 ||   464
         Broad axe         |       |       |    42 |   171 ||   213
 Invoke: Ancestor Life: Ba |       |       |       |     1 ||     1
         Ancestor Identity |       |       |       |     1 ||     1
  Evoke: Wand              |       |       |     3 |     8 ||    11
    Use: Scroll            |       |     1 |    18 |     6 ||    25
         Potion            |       |       |     7 |     5 ||    12
 Armour: Scale mail        |    17 |       |       |       ||    17
         Chain mail        |    60 |    74 |   255 |     9 ||   398
         Plate armour      |       |       |       |   297 ||   297
  Dodge: Dodged            |    31 |    23 |    99 |    63 ||   216
  Block: Buckler           |     2 |       |       |       ||     2

Table legend: (Time is in decaauts)
 A = Elapsed time spent in this place.
 B = Non-inter-level travel time spent in this place.
 C = Inter-level travel time spent in this place.
 D = Time resting spent in this place.
 E = Time spent auto-exploring this place.
 F = Levels seen in this place.
 G = Mean time per level.
                   A        B        C        D        E       F      G
               +--------+--------+--------+--------+--------+-----+--------+
         Total |  14062 |  13169 |    893 |   3875 |   7301 |  12 | 1171.8 |
       Dungeon |  13225 |  12349 |    876 |   3436 |   7124 |  10 | 1322.5 |
        Temple |     40 |     23 |     17 |      0 |      0 |   1 |   40.0 |
        Bailey |    797 |    797 |      0 |    439 |    177 |   1 |  797.0 |
               +--------+--------+--------+--------+--------+-----+--------+

Top non-repeatable levels by time:
     D:9: 3011 daAuts
     D:5: 1596 daAuts
     D:6: 1429 daAuts
     D:1: 1220 daAuts
     D:4: 1204 daAuts
     D:7: 1185 daAuts
     D:3: 1132 daAuts
     D:8: 1131 daAuts
  Bailey: 797 daAuts
    D:10: 686 daAuts
     D:2: 627 daAuts
  Temple: 40 daAuts
